 Dungeon Crawl Stone Soup version 0.27.1-15-g792fb953b9 (webtiles) character file.

Game seed: 5388356467350389335

86 zeram the Cutter (level 4, 0/27 HPs)
             Began as a Deep Elf Fighter on Nov 19, 2021.
             Killed from afar by Ijyb (4 damage)
             ... with an iceblast
             ... on level 3 of the Dungeon.
             The game lasted 00:05:10 (3520 turns).

zeram the Cutter (Deep Elf Fighter)                 Turns: 3520, Time: 00:05:11

Health: 0/27       AC:  6    Str: 13    XL:     4   Next: 27%
Magic:  9/9        EV:  7    Int: 14    God:
Gold:   42         SH:  8    Dex: 14    Spells: 7/7 levels left

rFire    . . .     SeeInvis .   a - +0 rapier
rCold    . . .     Faith    .   c - +0 kite shield
rNeg     . . .     Spirit   .   b - +0 scale mail
rPois    .         Reflect  .   (no helmet)
rElec    .         Harm     .   (no cloak)
rCorr    .         Rampage  .   (no gloves)
Will     .....                  (no boots)
Stlth    ..........             (no amulet)
HPRegen  0.09/turn              (no ring)
MPRegen  0.11/turn              (no ring)

@: no status effects
A: no striking features
a: no special abilities


You were on level 3 of the Dungeon.
You visited 1 branch of the dungeon, and saw 3 of its levels.

You collected 42 gold pieces.

Inventory:

Hand Weapons
 a - a +0 rapier (weapon)
Armour
 b - a +0 scale mail (worn)
 c - a +0 kite shield (worn)
Wands
 k - a wand of acid (8)
Scrolls
 g - a scroll of holy word
Potions
 d - a potion of might
 e - a potion of brilliance {unknown}
 f - a potion of haste
 h - 2 potions of ambrosia {unknown}
 i - a potion of invisibility {unknown}
 j - a potion of curing {unknown}


   Skills:
 - Level 2.4 Fighting
 + Level 3.3 Short Blades
 - Level 2.4 Armour
 * Level 2.4 Dodging
 - Level 2.4 Shields
 * Level 2.4 Spellcasting


You had 7 spell levels left.
You didn't know any spells.
Your spell library was empty.

Dungeon Overview and Level Annotations

Branches:
Dungeon (3/15)

Altars:
Hepliaklqana

Annotations:
D:3 Ijyb


Message History

You climb downwards.
There is a stone staircase leading up here.
Okay, then.
A worm is nearby!
A worm is nearby!
A worm is nearby!
You hit the worm.
The worm is lightly wounded.
The worm bites you.
You hit the worm.
The worm is lightly wounded.
You puncture the worm!
The worm is heavily wounded.
The worm barely misses you.
You hit the worm.
The worm is severely wounded.
The worm bites you!
You hit the worm.
You kill the worm!
No target in view!
You start resting.
HP restored.
You see here a worm corpse.
There is a stone staircase leading down here.
A rat comes into view.
The rat moves out of view.
Ijyb the Twisted Goblin comes into view.
She is wielding a +0 dagger and carrying a wand of iceblast (5).
Ijyb shouts!
Ijyb is nearby!
Ijyb is nearby!
Ijyb is nearby!
Ijyb is nearby!
Ijyb zaps a wand.
The mass of ice explodes!
The iceblast engulfs you!
Ouch! That really hurt!
Ijyb screams, "Me stronger than you!"
Ijyb zaps a wand.
The mass of ice explodes!
The iceblast engulfs you!
* * * LOW HITPOINT WARNING * * *
Ijyb screams, "Me kill you!"
Ijyb zaps a wand.
The mass of ice explodes!
The iceblast engulfs you.
You die...

#...................###†
###.....##..............
#.................##.#
#.....................
#..................#.
######....................
#.......................#.
...####.......##.......#
###..@..# #..#..# #.....#
#...#.#### #.#.#.g..#
.....####r.# ###..## #....
... r..... .... .....


You could see Ijyb.

Vanquished Creatures
  An adder (D:2)
  2 worms
  3 dart slugs
  6 ball pythons
  5 bats
  2 endoplasms
  9 giant cockroaches
  2 goblins (D:2)
  8 hobgoblins
  7 jackals (D:2)
  7 kobolds
  2 frilled lizards
  3 rats
57 creatures vanquished.

Notes
Turn   | Place    | Note
-------+----------+-------------------------------------------
     0 | D:1      | zeram the Deep Elf Fighter began the quest for the Orb.
     0 | D:1      | Reached XP level 1. HP: 13/13 MP: 3/3
     4 | D:1      | Noticed a minotaur skeleton
    15 | D:1      | Noticed a minotaur skeleton
   191 | D:1      | Reached skill level 1 in Spellcasting
   230 | D:1      | Reached skill level 1 in Dodging
   485 | D:1      | Reached XP level 2. HP: 13/18 MP: 6/6
  1228 | D:2      | Reached XP level 3. HP: 8/22 MP: 6/8
  1547 | D:2      | Found a faded altar of an unknown god.
  2436 | D:3      | Reached skill level 3 in Short Blades
  2766 | D:2      | HP: 1/22 [adder (3)]
  2769 | D:2      | Reached XP level 4. HP: 21/27 MP: 9/9
  3072 | D:3      | Found a hazy altar of Hepliaklqana.
  3513 | D:3      | Noticed Ijyb
  3520 | D:3      | Killed from afar by Ijyb

Illustrated notes

Levels and vault maps discovered:
D:1:      shiori_arrival_whats_in_store_for_you, layout_loops_ring
D:2:      layout_basic, hellmonk_ecumenical_altar_inner_sanctum,
          minmay_worlds_worst_comb
D:3:      layout_rooms, mainiacjoe_overflow_surrounded_room, uniq_ijyb

Skill      XL: |  1  2  3 |
---------------+----------+-----
Spellcasting   | 1 2 |  2.4
Dodging        | 1 2 |  2.4
Short Blades   | 3 |  3.3
Fighting       | |  2.4
Armour         | |  2.4
Shields        | |  2.4

Action                   |  1- 3 |  4- 6 || total
-------------------------+-------+-------++-------
Melee: Rapier            |   163 |    34 ||   197
  Use: Potion            |     3 |       ||     3
       Scroll            |       |     4 ||     4
Armor: Scale mail        |    86 |    11 ||    97
Dodge: Dodged            |    57 |    11 ||    68
Block: Kite shield       |   105 |    16 ||   121
